 Dungeon Crawl Stone Soup version 0.31.0 (webtiles) character file.

Game seed: 7713714187626485549

5641 qw the Skirmisher (level 10, -2/65 HPs)
             Began as a Gargoyle Hunter on Jan 19, 2024.
             Was a Follower of Okawaru.
             Killed by divine providence
             ... invoked by an orc priest
              (10 damage)
             ... on level 9 of the Dungeon.
             The game lasted 00:00:51 (7347 turns).

qw the Skirmisher (Gargoyle Hunter)                 Turns: 7347, Time: 00:00:52

Health: -2/65      AC: 15    Str: 15    XL:     10   Next: 74%
Magic:  12/12      EV: 13    Int: 10    God:    Okawaru [*.....]
Gold:   499        SH:  0    Dex: 17    Spells: 9/9 levels left

rFire   . . .        b - +0 hand cannon (freeze)
rCold   . . .        (no shield)
rNeg    + . .        p - +3 leather armour {rPois}
rPois   inf          (no helmet)
rElec   +            (no cloak)
rCorr   .            (no gloves)
SInv    +            n - +1 pair of boots
Will    .....        (no amulet)
Stlth   ++           c - ring of see invisible
HPRegen 0.30/turn    (no ring)
MPRegen 0.13/turn

%: no passive effects
@: no status effects
A: sickness immunity, AC +7, negative energy resistance 1, electricity
resistance, torment resistance 1, petrification resistance
a: Renounce Religion, Heroism


You were on level 9 of the Dungeon.
You worshipped Okawaru.
Okawaru was aware of your devotion.
You visited 2 branches of the dungeon, and saw 10 of its levels.

You collected 499 gold pieces.


Innate Abilities, Weirdness & Mutations

You are immune to sickness and miasma.
Your stone body is resilient. (AC +7)
You are immune to poison.
You resist negative energy. (rN+)
You are resistant to electric shocks. (rElec)
You are resistant to unholy torment.
You are immune to petrification.


   Skills:
 - Level 8.5 Fighting
 + Level 12.9 Ranged Weapons
 - Level 2.1 Armour
 - Level 4.0 Dodging
 - Level 1.1 Stealth
 + Level 3.8 Invocations


You had 9 spell levels left.
You didn't know any spells.
Your spell library was empty.

Inventory:

Hand Weapons
 b - a +0 hand cannon of freezing (weapon)
Armour
 n - a +1 pair of boots (worn)
 p - a +3 leather armour of poison resistance (worn)
Jewellery
 c - a ring of see invisible (left hand)
 e - a ring of resist corrosion
Wands
 m - a wand of roots (8)
Potions
 a - a potion of enlightenment
 d - a potion of resistance
 g - 3 potions of curing
 h - a potion of mutation
 i - 2 potions of haste
 l - 2 potions of cancellation
 o - a potion of ambrosia {unknown}

Dungeon Overview and Level Annotations

Branches:
Dungeon (9/15)             Temple (1/1) D:7
   Lair: D:8-11         Orc: D:9-12

Altars:
Ashenzari
Cheibriados
Dithmenos
Fedhas
Gozag
Hepliaklqana
Kikubaaqudgha
Makhleb
Nemelex Xobeh
Okawaru
Qazlal
Ru
Sif Muna
Vehumet
Wu Jian
Xom
Yredelemnul
Zin

Shops:
D:4 (

Annotations:
D:5 2 runed translucent doors, qw's ghost, novice GrHu
D:9 Amaemon


Message History

The orc priest calls down the wrath of Beogh upon you.
Beogh smites you!
Enter note:
Enter note:
Enter note:
Enter note:
Enter note:
Enter note:
7342 ||| RETREEEEATING.
The killer bee stings you but does no damage.
The killer bee barely misses you. x2
You shoot a bolt. The bolt closely misses the killer bee.
The killer bee barely misses you.
The killer bee stings you but does no damage.
The killer bee closely misses you. x3; The killer bee misses you. x2
You shoot a bolt. The bolt misses the killer bee.
The killer bee completely misses you. The killer bee stings you.
The killer bee barely misses you. The killer bee stings you.
The killer bee misses you.
You shoot a bolt. The bolt hits the killer bee!!
The bolt freezes the killer bee.
You kill the killer bee!
Okawaru accepts your kill. The killer bee closely misses you.
The killer bee stings you.
The killer bee stings you but does no damage.
The killer bee closely misses you. The killer bee stings you.
The killer bee barely misses you. The killer bee closely misses you.
You shoot a bolt. The bolt hits the killer bee!
The bolt freezes the killer bee.
You kill the killer bee!
Okawaru accepts your kill.
The killer bee barely misses you. x3; The centaur unwields a +0 shortbow.
The centaur barely misses you.
The centaur kicks you but does no damage.
You shoot a bolt.
The bolt hits the centaur but does no damage.
The killer bee barely misses you. x4; The centaur misses you.
The centaur kicks you but does no damage.
The orc priest mumbles some strange prayers to Beogh against you.
Beogh smites you!
You die...

.........#######'#####........#
........)o....oo..............#
..............................#
..............................#
..............................#
..............................#
..............................#
.........#+###########........#
.........#....yy@+ #........# .
#....ocy# #........# .
#)....o## #........# . #......#
#........# .
#.).........#........# .
..............#........# .
................#........# .
...........##...# .
...........##...#


You could see a centaur, 3 killer bees, an orc priest and an orc.

Vanquished Creatures
  Pikel (D:4)
  A gargoyle (D:7)
  An orange demon (D:9)
  Prince Ribbit (D:5)
  Sigmund (D:4)
  5 yaks (D:9)
  A wyvern (D:8)
  A wraith (D:8)
  Menkaure (D:4)
  A steam dragon (D:6)
  Edmund (D:5)
  A water moccasin (D:6)
  3 ice beasts
  3 orc warriors
  A black bear (D:8)
  3 centaurs
  2 phantoms
  2 kobold brigands
  A bullfrog (D:7)
  A gnoll sergeant (D:8)
  3 scorpions
  4 wights (D:9)
  3 killer bees (D:9)
  2 howler monkeys
  2 gnoll boudas
  3 orc priests
  A bombardier beetle (D:3)
  A jelly (D:5)
  4 hounds
  4 iguanas
  6 orc wizards
  A sleepcap (D:6)
  14 gnolls
  6 adders
  2 white imps
  2 ufetubi (D:7)
  5 ribbon worms
  24 orcs
  8 ball pythons
  4 bats
  4 endoplasms
  4 giant cockroaches
  8 goblins
  9 hobgoblins
  A jackal (D:3)
  4 quokkas
  A frilled lizard (D:2)
  12 kobolds
  6 rats
180 creatures vanquished.

Notes
Turn   | Place    | Note
-------+----------+-------------------------------------------
     0 | D:1      | qw the Gargoyle Hunter began the quest for the Orb.
     0 | D:1      | Reached XP level 1. HP: 12/12 MP: 1/1
     0 | D:1      | 0 ||| qw: Version: 0.3-a-132-g3d54051
     0 | D:1      | 0 ||| qw: Game counter: 226
     0 | D:1      | 0 ||| qw: Melee chars always use a shield: true
     0 | D:1      | 0 ||| qw: God list: Okawaru
     0 | D:1      | 0 ||| qw: Allow faded altars: false
     0 | D:1      | 0 ||| qw: Do Orc after clearing Dungeon:15 true
     0 | D:1      | 0 ||| qw: Do second Lair branch before Depths: true
     0 | D:1      | 0 ||| qw: Lair rune preference: random
     0 | D:1      | 0 ||| qw: Goals: Normal
     0 | D:1      | 0 ||| PLANNING D:1-11
   120 | D:1      | Found a faded altar of an unknown god.
   147 | D:1      | Reached XP level 2. HP: 17/17 MP: 2/2
   643 | D:1      | 643 ||| DROPPING ring of magical power.
   644 | D:1      | 644 ||| READING scroll labelled WORERAE LIMO.
   644 | D:1      | Identified a scroll of acquirement
   644 | D:1      | 644 ||| ACQUIRING +4 robe of Folly {Brill Will-∞ Int+8}
   644 | D:1      | Acquired the +4 robe of Folly {Brill Will-∞ Int+8}
   644 | D:1      | Found the +4 robe of Folly {Brill Will-∞ Int+8}
   646 | D:1      | 646 ||| UPGRADING to +4 robe of Folly {Brill Will-∞ Int+8}.
   656 | D:1      | 656 ||| DROPPING +0 leather armour.
   657 | D:1      | 657 ||| READING scroll labelled BUPSOR CEVVOOP.
   658 | D:1      | 658 ||| DRINKING 2 lumpy yellow potions.
   659 | D:1      | 659 ||| DROPPING scroll of butterflies.
   692 | D:2      | Reached skill level 5 in Ranged Weapons
   692 | D:2      | Reached XP level 3. HP: 21/21 MP: 3/3
   716 | D:2      | 716 ||| READING scroll of acquirement.
   716 | D:2      | 716 ||| ACQUIRING +0 hand cannon of freezing
   716 | D:2      | Acquired a +0 hand cannon of freezing
   718 | D:2      | 718 ||| SWAPPING to +0 hand cannon of freezing.
   719 | D:2      | 719 ||| DROPPING +0 shortbow.
   782 | D:2      | Reached skill level 3 in Fighting
   786 | D:2      | 786 ||| FLEEEEING.
   794 | D:2      | 794 ||| STAIRDANCE
   814 | D:1      | 814 ||| DRINKING 2 viscous yellow potions.
   815 | D:1      | 815 ||| DROPPING potion of degeneration.
   905 | D:2      | Reached XP level 4. HP: 28/28 MP: 4/4
  1434 | D:2      | 1434 ||| UPGRADING to ring of see invisible.
  1435 | D:2      | 1435 ||| READING scroll labelled VISUJU DESA.
  1436 | D:2      | 1436 ||| DRINKING 2 puce potions.
  1820 | D:3      | Reached XP level 5. HP: 29/32 MP: 5/5
  1824 | D:3      | Reached skill level 6 in Ranged Weapons
  1961 | D:3      | 1961 ||| UPGRADING to +0 pair of boots.
  1966 | D:3      | 1966 ||| DROPPING amulet of magic regeneration.
  1967 | D:3      | 1967 ||| READING 4 scrolls labelled ADER YCEPPOJ.
  1967 | D:3      | 1967 ||| IDENTIFYING fizzy brown potion
  1968 | D:3      | 1968 ||| READING 3 scrolls of identify.
  1968 | D:3      | 1968 ||| IDENTIFYING clear potion
  1969 | D:3      | 1969 ||| READING 2 scrolls of identify.
  1969 | D:3      | 1969 ||| IDENTIFYING fizzy orange potion
  1970 | D:3      | 1970 ||| READING scroll of identify.
  1970 | D:3      | 1970 ||| IDENTIFYING golden potion
  1971 | D:3      | 1971 ||| READING scroll labelled NEULIO NUBAS.
  1972 | D:3      | 1972 ||| FLEEEEING.
  1974 | D:3      | 1974 ||| READING scroll labelled VUEPPA RULIU.
  1975 | D:3      | 1975 ||| DRINKING 4 inky potions.
  1976 | D:3      | 1976 ||| DRINKING 3 ruby potions.
  1977 | D:3      | 1977 ||| DROPPING potion of berserk rage.
  2022 | D:4      | Noticed a phantom
  2028 | D:4      | Killed a phantom
  2054 | D:4      | Found Pesau's Antique Weapon Shoppe.
  2060 | D:4      | Reached XP level 6. HP: 38/38 MP: 6/6
  2225 | D:4      | Noticed Sigmund
  2228 | D:4      | 2228 ||| RETREEEEATING.
  2237 | D:4      | Killed Sigmund
  2238 | D:4      | Reached skill level 7 in Ranged Weapons
  2238 | D:4      | Reached XP level 7. HP: 19/43 MP: 7/7
  2619 | D:4      | Noticed Menkaure
  2621 | D:4      | Killed Menkaure
  2622 | D:4      | Reached skill level 8 in Ranged Weapons
  2917 | D:4      | Noticed Pikel
  2918 | D:4      | 2918 ||| ZAPPING wand of quicksilver (6) at 1,-7 (Pikel;
                  | floor).
  2925 | D:4      | Killed Pikel
  2926 | D:4      | Reached XP level 8. HP: 40/53 MP: 8/8
  2926 | D:4      | 2926 ||| FLEEEEING.
  3086 | D:4      | 3086 ||| READING scroll labelled GUYTONIMESCH.
  3087 | D:4      | 3087 ||| FLEEEEING.
  3197 | D:4      | 3197 ||| READING scroll labelled UFUUCECWEI.
  3198 | D:4      | 3198 ||| DRINKING 2 bubbling clear potions.
  3199 | D:4      | 3199 ||| DROPPING potion of invisibility.
  3253 | D:5      | Entered Level 5 of the Dungeon
  3320 | D:5      | 3320 ||| FLEEEEING.
  3391 | D:5      | Noticed Prince Ribbit
  3398 | D:5      | 3398 ||| RETREEEEATING.
  3402 | D:5      | Killed Prince Ribbit
  3577 | D:5      | Reached skill level 9 in Ranged Weapons
  3617 | D:5      | Found a runed translucent door.
  3618 | D:5      | Noticed qw's ghost (novice GrHu)
  3647 | D:5      | Noticed Edmund
  3654 | D:5      | Killed Edmund
  3732 | D:5      | Reached XP level 9. HP: 57/57 MP: 9/9
  3771 | D:5      | Reached skill level 10 in Ranged Weapons
  3943 | D:5      | Found a runed translucent door.
  4037 | D:5      | Found a hazy altar of Hepliaklqana.
  4042 | D:5      | Found a glowing silver altar of Zin.
  4078 | D:5      | 4078 ||| UPGRADING to +3 leather armour of poison
                  | resistance.
  4088 | D:5      | 4088 ||| DROPPING +4 robe of Folly {Brill Will-∞ Int+8}.
  4089 | D:5      | 4089 ||| READING scroll of identify.
  4089 | D:5      | 4089 ||| IDENTIFYING grey potion
  4090 | D:5      | 4090 ||| DROPPING potion of lignification.
  4091 | D:5      | 4091 ||| DROPPING wand of flame (14).
  4120 | D:6      | 4120 ||| STAIRDANCE
  4172 | D:6      | 4172 ||| STAIRDANCE
  4226 | D:6      | 4226 ||| STAIRDANCE
  4279 | D:6      | 4279 ||| STAIRDANCE
  4335 | D:6      | Reached skill level 3 in Dodging
  4478 | D:6      | Found a shimmering altar of Xom.
  4757 | D:6      | Reached skill level 11 in Ranged Weapons
  4931 | D:7      | 4931 ||| STAIRDANCE
  4957 | D:7      | 4957 ||| STAIRDANCE
  4959 | D:6      | 4959 ||| FLEEEEING.
  5045 | D:7      | 5045 ||| STAIRDANCE
  5047 | D:6      | 5047 ||| FLEEEEING.
  5115 | D:7      | Noticed a gargoyle
  5116 | D:7      | 5116 ||| STAIRDANCE
  5123 | D:7      | 5123 ||| STAIRDANCE
  5131 | D:6      | 5131 ||| FLEEEEING.
  5183 | D:7      | 5183 ||| STAIRDANCE
  5190 | D:7      | Killed a gargoyle
  5415 | D:7      | 5415 ||| DRINKING 3 potions of curing.
  5415 | D:7      | 5415 ||| (to cure confusion)
  5431 | D:7      | 5431 ||| FLEEEEING.
  5570 | D:7      | Reached XP level 10. HP: 65/65 MP: 10/10
  5587 | D:7      | Found a staircase to the Ecumenical Temple.
  5588 | D:7      | 5588 ||| PLANNING TEMPLE
  5588 | D:7      | 5588 ||| READING scroll labelled XEX BORHOQODAE.
  5597 | Temple   | Entered the Ecumenical Temple
  5598 | Temple   | 5598 ||| PLANNING OKAWARU WORSHIP
  5615 | Temple   | Became a worshipper of Warmaster Okawaru
  5616 | Temple   | 5616 ||| PLANNING D:1-11
  6071 | D:8      | Reached skill level 12 in Ranged Weapons
  6116 | D:8      | 6116 ||| ZAPPING wand of quicksilver (5) at 1,0 (black
                  | bear; floor).
  6125 | D:8      | 6125 ||| RETREEEEATING.
  6127 | D:8      | 6127 ||| RETREEEEATING.
  6129 | D:8      | 6129 ||| RETREEEEATING.
  6130 | D:8      | 6130 ||| RETREEEEATING.
  6131 | D:8      | 6131 ||| RETREEEEATING.
  6132 | D:8      | 6132 ||| RETREEEEATING.
  6135 | D:8      | 6135 ||| FLEEEEING.
  6136 | D:8      | 6136 ||| FLEEEEING.
  6137 | D:8      | 6137 ||| FLEEEEING.
  6138 | D:8      | 6138 ||| FLEEEEING.
  6139 | D:8      | 6139 ||| FLEEEEING.
  6140 | D:8      | 6140 ||| FLEEEEING.
  6141 | D:8      | 6141 ||| FLEEEEING.
  6142 | D:8      | 6142 ||| FLEEEEING.
  6143 | D:8      | 6143 ||| FLEEEEING.
  6144 | D:8      | 6144 ||| FLEEEEING.
  6145 | D:8      | 6145 ||| FLEEEEING.
  6153 | D:8      | 6153 ||| STAIRDANCE
  6334 | D:8      | 6334 ||| FLEEEEING.
  6607 | D:8      | 6607 ||| READING scroll of identify.
  6607 | D:8      | 6607 ||| IDENTIFYING fizzy dark potion
  6608 | D:8      | 6608 ||| READING scroll labelled BOULLA GOCW.
  6608 | D:8      | 6608 ||| ENCHANTING +0 pair of boots.
  6609 | D:8      | 6609 ||| DRINKING 2 fizzy red potions.
  6610 | D:8      | 6610 ||| DROPPING potion of brilliance.
  6611 | D:8      | 6611 ||| DROPPING potion of attraction.
  6657 | D:9      | Reached * piety under Okawaru
  6665 | D:9      | 6665 ||| FLEEEEING.
  6848 | D:9      | 6848 ||| FLEEEEING.
  6849 | D:9      | 6849 ||| FLEEEEING.
  6850 | D:9      | 6850 ||| FLEEEEING.
  6851 | D:9      | 6851 ||| FLEEEEING.
  6852 | D:9      | 6852 ||| FLEEEEING.
  6854 | D:9      | 6854 ||| FLEEEEING.
  6855 | D:9      | 6855 ||| FLEEEEING.
  6856 | D:9      | 6856 ||| FLEEEEING.
  6857 | D:9      | 6857 ||| FLEEEEING.
  6858 | D:9      | 6858 ||| FLEEEEING.
  6870 | D:9      | 6870 ||| FLEEEEING.
  6871 | D:9      | 6871 ||| FLEEEEING.
  6872 | D:9      | 6872 ||| FLEEEEING.
  6876 | D:9      | 6876 ||| FLEEEEING.
  6877 | D:9      | 6877 ||| FLEEEEING.
  6878 | D:9      | 6878 ||| FLEEEEING.
  6879 | D:9      | 6879 ||| FLEEEEING.
  6880 | D:9      | 6880 ||| FLEEEEING.
  6881 | D:9      | 6881 ||| FLEEEEING.
  6882 | D:9      | 6882 ||| FLEEEEING.
  6883 | D:9      | 6883 ||| FLEEEEING.
  6884 | D:9      | 6884 ||| FLEEEEING.
  6885 | D:9      | 6885 ||| FLEEEEING.
  6886 | D:9      | 6886 ||| FLEEEEING.
  6887 | D:9      | 6887 ||| FLEEEEING.
  6888 | D:9      | 6888 ||| STAIRDANCE
  6984 | D:9      | 6984 ||| STAIRDANCE
  6986 | D:8      | 6986 ||| FLEEEEING.
  7014 | D:9      | 7014 ||| STAIRDANCE
  7084 | D:9      | Noticed an orange demon
  7085 | D:9      | 7085 ||| INVOKING Heroism.
  7092 | D:9      | 7092 ||| RETREEEEATING.
  7097 | D:9      | 7097 ||| ZAPPING wand of quicksilver (4) at 2,1 (orange
                  | demon; open_door).
  7098 | D:9      | 7098 ||| RETREEEEATING.
  7099 | D:9      | 7099 ||| ZAPPING wand of quicksilver (3) at 2,1 (orange
                  | demon; floor).
  7100 | D:9      | 7100 ||| RETREEEEATING.
  7101 | D:9      | 7101 ||| RETREEEEATING.
  7102 | D:9      | 7102 ||| RETREEEEATING.
  7103 | D:9      | 7103 ||| RETREEEEATING.
  7104 | D:9      | 7104 ||| RETREEEEATING.
  7105 | D:9      | 7105 ||| RETREEEEATING.
  7106 | D:9      | 7106 ||| RETREEEEATING.
  7107 | D:9      | 7107 ||| RETREEEEATING.
  7108 | D:9      | 7108 ||| RETREEEEATING.
  7109 | D:9      | 7109 ||| RETREEEEATING.
  7110 | D:9      | 7110 ||| RETREEEEATING.
  7111 | D:9      | 7111 ||| ZAPPING wand of quicksilver (2) at 1,2 (orange
                  | demon; floor).
  7112 | D:9      | Reached skill level 1 in Invocations
  7112 | D:9      | 7112 ||| RETREEEEATING.
  7114 | D:9      | 7114 ||| ZAPPING wand of quicksilver (1) at 2,3 (orange
                  | demon; floor).
  7116 | D:9      | 7116 ||| RETREEEEATING.
  7117 | D:9      | 7117 ||| RETREEEEATING.
  7118 | D:9      | 7118 ||| RETREEEEATING.
  7121 | D:9      | 7121 ||| INVOKING Heroism.
  7125 | D:9      | Killed an orange demon
  7126 | D:9      | Reached skill level 3 in Invocations
  7126 | D:9      | HP: 12/65 [acid dragon/splash of acid (30)]
  7127 | D:9      | 7127 ||| READING 3 scrolls of teleportation.
  7128 | D:9      | 7128 ||| DRINKING 5 potions of heal wounds.
  7298 | D:9      | Noticed Amaemon
  7299 | D:9      | 7299 ||| INVOKING Heroism.
  7312 | D:9      | HP: 15/65 [acid dragon (4)]
  7313 | D:9      | 7313 ||| READING 2 scrolls of teleportation.
  7314 | D:9      | 7314 ||| DRINKING 4 potions of heal wounds.
  7320 | D:9      | HP: 16/65 [killer bee (5)]
  7321 | D:9      | 7321 ||| READING scroll of teleportation.
  7322 | D:9      | 7322 ||| DRINKING 3 potions of heal wounds.
  7323 | D:9      | 7323 ||| RETREEEEATING.
  7324 | D:9      | 7324 ||| RETREEEEATING.
  7325 | D:9      | 7325 ||| FLEEEEING.
  7328 | D:9      | 7328 ||| RETREEEEATING.
  7331 | D:9      | HP: 10/65 [orc priest/divine providence (14)]
  7332 | D:9      | 7332 ||| DRINKING 2 potions of heal wounds.
  7336 | D:9      | 7336 ||| RETREEEEATING.
  7337 | D:9      | 7337 ||| RETREEEEATING.
  7338 | D:9      | 7338 ||| RETREEEEATING.
  7338 | D:9      | HP: 14/65 [killer bee (4)]
  7339 | D:9      | 7339 ||| DRINKING potion of heal wounds.
  7340 | D:9      | 7340 ||| RETREEEEATING.
  7341 | D:9      | 7341 ||| RETREEEEATING.
  7342 | D:9      | 7342 ||| RETREEEEATING.
  7344 | D:9      | HP: 16/65 [killer bee (1)]
  7345 | D:9      | HP: 7/65 [killer bee (5)]
  7347 | D:9      | Killed from afar by an orc priest

Levels and vault maps discovered:
D:1:      wander_arrival_chamber, layout_basic,
          nicolae_ecumenical_snake_handling, serial_co_window_serial,
          co_window_paths_b, co_window_paths_a, co_window_paths_a,
          co_window_of_opportunity_a, co_window_paths_b, co_window_broadway_a,
          co_window_corner_b, co_window_cross_2, co_window_corner_b,
          co_window_of_opportunity_b
D:2:      layout_basic, chequers_serial_rivers_room_a
D:3:      layout_rooms, dk_noncrumbling_2, minmay_joined_circles
D:4:      layout_basic, serial_shops, shop, uniq_menkaure, uniq_sigmund,
          uniq_pikel
D:5:      layout_basic, jmf_multi_god_temple2, ebering_ghost_sewer_f,
          uniq_prince_ribbit1, uniq_edmund
D:6:      layout_basic, xom_teletrap_fun
D:7:      layout_basic, minmay_temple_entry_trees, chequers_avenue
D:8:      layout_rooms
D:9:      layout_gridville, uniq_amaemon
Temple:   regret_index_temple_generic_petals

Skill      XL: |  1  2  3  4  5  6  7  8  9 10 |
---------------+-------------------------------+-----
Ranged Weapons | 5 6 7 8 9 11 12 | 12.9
Fighting       | 3 4 7 8 |  8.5
Dodging        | 2 3 4 |  4.0
Armour         | 2 |  2.1
Invocations    | 3 |  3.8
Stealth        | |  1.1

Action                     |  1- 3 |  4- 6 |  7- 9 | 10-12 || total
---------------------------+-------+-------+-------+-------++-------
   Fire: Shortbow          |    56 |       |       |       ||    56
         Hand cannon       |    20 |    82 |   164 |   132 ||   398
 Invoke: Heroism           |       |       |       |     3 ||     3
  Evoke: Wand              |       |       |     1 |     5 ||     6
    Use: Scroll            |     3 |     7 |     3 |     6 ||    19
         Potion            |     2 |     3 |     2 |     6 ||    13
 Armour: Leather armour    |     8 |       |    58 |   129 ||   195
         Robe              |    12 |    28 |     9 |       ||    49
  Dodge: Dodged            |    21 |    51 |    63 |   150 ||   285

Table legend:
 A = Non-vault XP
 B = Vault XP
 C = Vault XP percentage of total XP
 D = Non-vault monster count
 E = Vault monster count
 F = Vault count percentage of total count
                 A         B        C        D         E       F
            +---------+---------+-------+---------+---------+-------
      Total |    6095 |    1964 |  24.4 |     152 |      28 |  15.6
            +---------+---------+-------+---------+---------+-------
        D:1 |      21 |       5 |  19.2 |      14 |       3 |  17.6
        D:2 |      75 |       0 |   0.0 |      21 |       0 |   0.0
        D:3 |       6 |      87 |  93.5 |       3 |      17 |  85.0
        D:4 |     347 |    1012 |  74.5 |      16 |       3 |  15.8
        D:5 |     644 |     473 |  42.3 |      13 |       4 |  23.5
        D:6 |    1221 |       0 |   0.0 |      24 |       0 |   0.0
        D:7 |    1046 |       0 |   0.0 |      24 |       0 |   0.0
        D:8 |    1026 |       0 |   0.0 |      20 |       0 |   0.0
        D:9 |    1709 |     387 |  18.5 |      17 |       1 |   5.6
            +---------+---------+-------+---------+---------+-------
